 Dungeon Crawl Stone Soup version 0.27-a0-1136-g0b992a5a9d (webtiles) character file.

Game seed: 2492282210005038249

2370 Zeld the Skirmisher (level 9, -3/63 HPs)
             Began as an Octopode Fighter on May 4, 2021.
             Was an Initiate of Okawaru.
             Succumbed to a hornet's poison
             ... while paralysed by a hornet
             ... on level 7 of the Dungeon.
             The game lasted 00:16:32 (8942 turns).

Zeld the Skirmisher (Octopode Fighter)              Turns: 8942, Time: 00:16:32

Health: -3/63      AC:  1    Str: 21    XL:     9   Next: 45%
Magic:  9/9        EV:  2    Int: 11    God:    Okawaru [......]
Gold:   389        SH:  0    Dex: 13    Spells: 8/8 levels left

rFire    . . .     SeeInvis .   t - +6 war axe "Uczeifos" {vorpal, Str+3 Dex+2 Stlth-}
rCold    . . .     Faith    .   b - +0 kite shield
rNeg     . . .     Spirit   .   (helmet restricted)
rPois    .         Reflect  .   (no amulet)
rElec    .         Harm     .   s - +4 ring of evasion
rCorr    .         Rampage  .   (no ring)
Will     .....                  (no ring)
Stlth    +.........             (no ring)
HPRegen  0.20/turn              (no ring)
MPRegen  0.11/turn              (no ring)
                                (no ring)
                                (no ring)

@: paralysed, lethally poisoned (-3 -> -25)
A: almost no armour, amphibious, 8 rings, camouflage 1, gelatinous body 1,
(nimble swimmer 1), tentacles
a: Renounce Religion


You were on level 7 of the Dungeon.
You worshipped Okawaru.
Okawaru was noncommittal.
You visited 2 branches of the dungeon, and saw 8 of its levels.

You collected 389 gold pieces.

Inventory:

Hand Weapons
 a - a +2 war axe
 t - the +6 war axe "Uczeifos" (weapon) {vorpal, Str+3 Dex+2 Stlth-}
   (You found it on level 4 of the Dungeon)

   It inflicts extra damage upon your enemies.
   It affects your strength (+3).
   It affects your dexterity (+2).
   It makes you less stealthy.
Missiles
 g - 3 boomerangs
 n - 26 poisoned darts (quivered)
Armour
 b - a +0 kite shield (worn)
Jewellery
 s - a +4 ring of evasion (left tentacle)
Wands
 l - a wand of acid (6)
 u - a wand of paralysis (8)
Scrolls
 j - a scroll of brand weapon {unknown}
 k - a scroll of fear {unknown}
 o - 3 scrolls of magic mapping {unknown}
 p - 2 scrolls of teleportation {unknown}
 q - a scroll of amnesia {unknown}
 r - 3 scrolls of enchant armour {unknown}
 w - a scroll of torment {unknown}
Potions
 f - a potion of mutation {unknown}
 v - a potion of invisibility {unknown}
 x - a potion of flight {unknown}
 z - a potion of berserk rage {unknown}
 A - a potion of cancellation
 B - a potion of brilliance {unknown}


   Skills:
 * Level 6.9 Fighting
 * Level 6.4 Axes
 - Level 6.0 Throwing
 - Level 3.0 Dodging
 * Level 6.9 Shields


You had 8 spell levels left.
You didn't know any spells.
Your spell library contained the following spells:

 Spells                   Type           Power      Damage    Failure   Level
 Foxfire                  Conj/Fire      0%         2x1d4     69%         1
 Conjure Flame            Conj/Fire      0%         6-21      96%         3
 Inner Flame              Hex/Fire       0%         N/A       96%         3
 Sticky Flame             Conj/Fire      0%         2d3       100%        4
 Fireball                 Conj/Fire      0%         3d3       100%        5


Dungeon Overview and Level Annotations

Branches:
Dungeon (7/15)             Temple (1/1) D:6

Altars:
Ashenzari
Cheibriados
Dithmenos
Elyvilon
Fedhas
Gozag
Hepliaklqana
Kikubaaqudgha
Makhleb
Okawaru
Qazlal
Ru
Sif Muna
Trog
Uskayaw
Vehumet
Wu Jian
Xom
Yredelemnul
Zin
The Shining One

Shops:
D:2 :[


Innate Abilities, Weirdness & Mutations

You cannot wear most types of armour.
You are amphibious.
You can wear up to eight rings at the same time.
Your skin changes colour to match your surroundings (Stealth+).
Your rubbery body absorbs attacks. (AC +1, EV +1)
((You are camouflaged near water. (Stealth+)))
You have tentacles for arms and can constrict up to eight enemies at once.


Message History

You hit the ufetubus. Your grab misses the ufetubus.
The ufetubus is heavily wounded.
The ufetubus misses you. You block the ufetubus's attack.
The ufetubus misses you. x2
You slash the ufetubus!
You kill the ufetubus!
Okawaru accepts your kill.
A bullfrog skeleton comes into view.
A bullfrog skeleton is nearby!
A hornet comes into view.
You slice the bullfrog skeleton!!
You destroy the bullfrog skeleton!
Okawaru accepts your kill. The hornet stings you!
You feel yourself slow down.
You feel very mighty all of a sudden.
You feel yourself speed up. The hornet stings you!
You are poisoned.
You feel yourself slow down. You block the hornet's attack.
The hornet closely misses you.
You slash the hornet! Your grab misses the hornet.
The hornet is heavily wounded.
You feel yourself speed up.
You feel very sick. The hornet stings you!
You are more poisoned.
You feel yourself slow down. The hornet misses you.
The hornet closely misses you.
You are too injured to fight recklessly!
Unknown command.
It was a potion of cancellation.
Your magical effects are unravelling.
You feel magically purged.
You feel yourself speed up.
You feel a little less mighty now.
* * * LOW HITPOINT WARNING * * *
You feel very sick. You block the hornet's attack. The hornet stings you!
* * * LOW HITPOINT WARNING * * *
You are more poisoned.
You suddenly lose the ability to move!
You die...

#.#.......... ...###
####....##.....# ..
.........####...#.#
.............#...##..
.#...##.##..........
.....#.##..###.###.
##.##......## #..###
###..y......## ##.#
#....@##.##..### #.#
....#.##....#....#
#.### . #
#.......##.###...#
#.#.#.#.##...###.#
#.......####.###..
...#.#.#.# #....>.
..........# #####.#
.....#.#.#.# #.#
.##........# #..


You could see a hornet.

Vanquished Creatures
  Grinder (D:5)
  Duvessa (D:4)
  2 sky beasts
  2 ice beasts
  A black bear (D:6)
  A necrophage (D:6)
  2 ogres
  A centaur (D:7)
  2 phantoms
  A kobold brigand (D:7)
  Dowan (D:4)
  A scorpion (D:4)
  A wyvern skeleton (D:7)
  2 centaur zombies
  4 jellies
  2 bullfrog skeletons
  An orc priest (D:5)
  3 hounds
  A centaur skeleton (D:5)
  A hell rat (D:5)
  An iguana (D:5)
  6 orc wizards
  A killer bee zombie (D:5)
  A hound skeleton (D:4)
  5 adders
  3 gnolls (D:4)
  6 river rats (D:5)
  2 white imps (D:5)
  2 ufetubi
  3 dart slugs
  20 orcs
  6 bats
  15 endoplasms
  A giant cockroach (D:4)
  5 goblins
  5 hobgoblins
  4 quokkas
  6 ball pythons
  A frilled lizard (D:1)
  A jackal skeleton (D:4)
  16 kobolds
  18 rats
159 creatures vanquished.

Vanquished Creatures (others)
  12 toadstools (D:3)
12 creatures vanquished.

Grand Total: 171 creatures vanquished

Notes
Turn   | Place    | Note
-------+----------+-------------------------------------------
     0 | D:1      | Zeld the Octopode Fighter began the quest for the Orb.
     0 | D:1      | Reached XP level 1. HP: 16/16 MP: 1/1
   349 | D:1      | Reached XP level 2. HP: 20/21 MP: 2/2
   970 | D:2      | Reached XP level 3. HP: 26/26 MP: 3/3
   983 | D:2      | Found Leanid's Antique Armour Boutique.
  1148 | D:2      | Found a shadowy altar of Dithmenos.
  1236 | D:2      | Found Dirihin's Book Shop.
  2006 | D:3      | Reached XP level 4. HP: 33/33 MP: 4/4
  2503 | D:3      | Reached XP level 5. HP: 25/37 MP: 5/5
  3940 | D:4      | Reached XP level 6. HP: 37/44 MP: 6/6
  4071 | D:4      | Identified the +6 war axe "Uczeifos" {vorpal, Str+3 Dex+2
                  | Stlth-}
  4078 | D:4      | Noticed Dowan
  4079 | D:4      | Noticed Duvessa
  4098 | D:4      | Killed Duvessa
  4104 | D:4      | Killed Dowan
  4105 | D:4      | Reached skill level 5 in Fighting
  4445 | D:4      | Reached skill level 5 in Shields
  4445 | D:4      | Reached XP level 7. HP: 50/50 MP: 7/7
  4686 | D:4      | Reached skill level 1 in Throwing
  5227 | D:5      | Entered Level 5 of the Dungeon
  5696 | D:5      | Reached XP level 8. HP: 28/55 MP: 8/8
  5984 | D:5      | Noticed Grinder
  5988 | D:5      | Killed Grinder
  5989 | D:5      | Reached skill level 5 in Throwing
  6433 | D:5      | Reached skill level 5 in Axes
  6455 | D:5      | Found the +2 ratskin cloak {*Rats rPois rN+ Str-1 Int-1
                  | Dex+1}
  6687 | D:6      | Reached XP level 9. HP: 59/62 MP: 9/9
  7232 | D:6      | Found a staircase to the Ecumenical Temple.
  7240 | Temple   | Entered the Ecumenical Temple
  7296 | Temple   | Became a worshipper of Warmaster Okawaru
  8936 | D:7      | Noticed a hornet
  8941 | D:7      | HP: 2/63 [hornet (12)]
  8941 | D:7      | Paralysed by a hornet for 3 turns
  8942 | D:7      | Succumbed to a hornet's poison

Illustrated notes

Levels and vault maps discovered:
D:1:      lemuel_arrival_cross, layout_basic
D:2:      layout_loops_ring, basic_altar, serial_shops, shop_statue,
          shop_fountains
D:3:      cheibrodos_fertilizer, layout_loops_corners, hangedman_decor_points
D:4:      minmay_angry_zag, layout_basic, uniq_duvessa
D:5:      wander_guarded_unrand_ratskin, layout_rooms, uniq_grinder
D:6:      layout_loops_corners, temple_fountains
D:7:      layout_rooms, serial_glass, glass_columns_b, glass_columns_b,
          glass_columns_a, glass_columns_b, minmay_strange_pillars
Temple:   compressed_dpeg_triangle_lava_temple

Skill      XL: |  1  2  3  4  5  6  7  8  9 |
---------------+----------------------------+-----
Axes           | 3 4 5 6 |  6.4
Fighting       | 4 5 6 |  6.9
Shields        | 4 5 6 |  6.9
Throwing       | 4 6 |  6.0
Dodging        | |  3.0

Action                   |  1- 3 |  4- 6 |  7- 9 || total
-------------------------+-------+-------+-------++-------
Melee: War axe           |    49 |    16 |   155 ||   220
       Constrict         |    13 |    10 |    25 ||    48
       Tentacles         |     9 |    12 |    26 ||    47
       Hand axe          |     2 |    47 |       ||    49
Throw: Dart              |       |       |     9 ||     9
  Use: Potion            |       |     3 |     2 ||     5
       Scroll            |       |       |     6 ||     6
 Stab: Sleeping          |     8 |     7 |     1 ||    16
Armor: Skin              |     2 |       |     2 ||     4
Dodge: Dodged            |    22 |    31 |    95 ||   148
Block: Kite shield       |    23 |    18 |    85 ||   126

Table legend: (Time is in decaauts)
 A = Elapsed time spent in this place.
 B = Non-inter-level travel time spent in this place.
 C = Inter-level travel time spent in this place.
 D = Time resting spent in this place.
 E = Time spent auto-exploring this place.
 F = Levels seen in this place.
 G = Mean time per level.
                   A        B        C        D        E       F      G
               +--------+--------+--------+--------+--------+-----+--------+
         Total |   9045 |   8834 |    211 |   2032 |   5847 |   8 | 1130.6 |
       Dungeon |   8730 |   8528 |    202 |   2032 |   5551 |   7 | 1247.1 |
        Temple |    315 |    306 |      9 |      0 |    296 |   1 |  315.0 |
               +--------+--------+--------+--------+--------+-----+--------+

Top non-repeatable levels by time:
     D:3: 2403 daAuts
     D:6: 1703 daAuts
     D:4: 1602 daAuts
     D:5: 1010 daAuts
     D:1: 975 daAuts
     D:2: 597 daAuts
     D:7: 435 daAuts
  Temple: 315 daAuts
